3AA
BATTLE GROUND AEROS @ SAN BERNARDINO GRASSHOPPERS
06/07/2025
 
TOP OF THE 1ST
Battle Ground Aeros batting - Pitching for San Bernardino Grasshoppers : RHP Carlos Peret
Pitching: RHP Carlos Peret
Batting: RHB Carlos Soto 0-0: Called Strike
0-1: Foul Ball, location: 2F
0-2: Ball
1-2: Strikes out swinging
Batting: LHB Dave Smerdon 0-0: Foul Ball, location: 2F
0-1: Ball
1-1: Ball
2-1: Called Strike
2-2: Ball
3-2: Base on Balls
Batting: LHB Ignacio Martínez 0-0: DOUBLE (Line Drive, 89D)
Dave Smerdon to third
Batting: SHB Juan Torres 0-0: Ball
1-0: Hit by Pitch
Batting: RHB José Rodríguez 0-0: Ball
1-0: Fly out, F8 (Flyball, 8LD)
Runner from 3rd tags up, SCORES, no throw
Ignacio Martínez to third
Batting: RHB Jack Willis 0-0: Called Strike
0-1: Ball
1-1: Called Strike
1-2: Fly out, F8 (Flyball, 78S)
Top of the 1st over - 1 run(s), 1 hit(s), 0 error(s), 2 left on base; Battle Ground 1 - San Bernardino 0
BOTTOM OF THE 1ST
San Bernardino Grasshoppers batting - Pitching for Battle Ground Aeros : RHP Zach Rediker
Pitching: RHP Zach Rediker
Batting: RHB Enrico Betancourt 0-0: Ball
1-0: Ball
2-0: Ground out 6-3 (Groundball, 6)
Batting: RHB Arnold Giroux 0-0: TRIPLE (Flyball, 89D)
Batting: SHB Zuberi Mccray 0-0: SINGLE (Groundball, 34) (infield hit)
Arnold Giroux scores
Batting: RHB Brandon Cole 0-0: Ball
1-0: Ball
2-0: Ball
3-0: Base on Balls
Zuberi Mccray to second
Batting: LHB Mario Nieves 0-0: Ball
1-0: Ball
2-0: Called Strike
2-1: Grounds out, U3 (Groundball, 3L)
Zuberi Mccray to third
Batting: LHB Natale Langushi 0-0: Foul Ball, location: 2F
0-1: Ball
1-1: Ball
2-1: Ball
3-1: Foul Ball, location: 2F
3-2: Foul Ball, location: 2F
3-2: SINGLE (Groundball, 56D)
Zuberi Mccray scores
Brandon Cole to third
Brandon Cole scores
Batting: LHB Homer Spence 0-0: Called Strike
0-1: Fly out, F2 (Popup, 15S)
Bottom of the 1st over - 3 run(s), 3 hit(s), 0 error(s), 1 left on base; Battle Ground 1 - San Bernardino 3
TOP OF THE 2ND
Battle Ground Aeros batting - Pitching for San Bernardino Grasshoppers : RHP Carlos Peret
Batting: RHB Beau Murphy 0-0: Ball
1-0: Ball
2-0: Called Strike
2-1: Ball
3-1: Swinging Strike
3-2: Strikes out swinging
Batting: LHB Nelson Martínez 0-0: Swinging Strike
0-1: Ball
1-1: Swinging Strike
1-2: Ball
2-2: Ball
3-2: Foul Ball, location: 2F
3-2: Base on Balls
Batting: RHB Daniel Métivier 0-0: Called Strike
0-1: Hit by Pitch
Nelson Martínez to second
Batting: RHB Carlos Soto 0-0: Foul Ball, location: 2F
Balk!
Nelson Martínez to third
Daniel Métivier to second
0-1: Fly out, F8 (Flyball, 8RM)
Runner from 3rd tags up, SCORES, throw made
Batting: LHB Dave Smerdon 0-0: SINGLE (Line Drive, 8LS)
Daniel Métivier to third
Runner from 3rd tries for Home, SAFE, no throw
Batting: LHB Ignacio Martínez 0-0: Ball
1-0: Called Strike
1-1: Ball
2-1: Ball
3-1: DOUBLE (Line Drive, 89M)
Dave Smerdon to third
Batting: SHB Juan Torres 0-0: Called Strike
0-1: Ground out 4-3 (Groundball, 4S)
Top of the 2nd over - 2 run(s), 2 hit(s), 0 error(s), 2 left on base; Battle Ground 3 - San Bernardino 3
BOTTOM OF THE 2ND
San Bernardino Grasshoppers batting - Pitching for Battle Ground Aeros : RHP Zach Rediker
Batting: RHB Matt Roloff 0-0: Called Strike
0-1: Ball
1-1: Swinging Strike
1-2: Fly out, F8 (Flyball, 8LXD)
Batting: RHB José Urruticodez 0-0: Ball
1-0: Called Strike
1-1: SINGLE (Line Drive, 56)
Batting: RHB Enrico Betancourt 0-0: Ball
1-0: Ball
2-0: Swinging Strike
2-1: SINGLE (Line Drive, 56D)
José Urruticodez to second
Batting: RHB Arnold Giroux 0-0: DOUBLE (Line Drive, 7LM)
José Urruticodez scores
Enrico Betancourt to third
Runner from 3rd tries for Home, SAFE, no throw
Batting: SHB Zuberi Mccray 0-0: Called Strike
0-1: SINGLE (Line Drive, 34)
Arnold Giroux to third
Runner from 3rd tries for Home, SAFE, no throw
Batting: RHB Brandon Cole 0-0: Ball
1-0: Called Strike
1-1: Swinging Strike
1-2: Ball
2-2: Strikes out swinging
Batting: LHB Mario Nieves 0-0: Ball
1-0: Ball
2-0: Ball
3-0: Swinging Strike
3-1: Base on Balls
Zuberi Mccray to second
Batting: LHB Natale Langushi 0-0: Called Strike
0-1: SINGLE (Groundball, 4MD)
Zuberi Mccray to third
Mario Nieves to second
Runner from 3rd tries for Home, SAFE, throw made home
Pitching: LHP Dave Welch
Batting: LHB Homer Spence 0-0: Called Strike
0-1: Called Strike
0-2: Ball
1-2: Foul Ball, location: 2F
1-2: Foul Ball, location: 2F
1-2: Strikes out swinging
Bottom of the 2nd over - 4 run(s), 5 hit(s), 0 error(s), 2 left on base; Battle Ground 3 - San Bernardino 7
TOP OF THE 3RD
Battle Ground Aeros batting - Pitching for San Bernardino Grasshoppers : RHP Carlos Peret
Batting: RHB José Rodríguez 0-0: Ball
1-0: Ball
2-0: Ball
3-0: Called Strike
3-1: Base on Balls
Batting: RHB Jack Willis 0-0: Called Strike
0-1: Ball
1-1: Fly out, F8 (Flyball, 8LS)
Batting: RHB Beau Murphy 0-0: Foul Ball, location: 2F
0-1: Ball
1-1: Foul Ball, location: 2F
1-2: Strikes out swinging
Batting: LHB Nelson Martínez 0-0: Foul Ball, location: 2F
0-1: Ball
1-1: Reached on error, E9 (Line Drive, 9)
José Rodríguez to third
Batting: RHB Daniel Métivier 0-0: Called Strike
0-1: Ball
1-1: SINGLE (Flyball, 9LS)
José Rodríguez scores
Nelson Martínez to third
Runner from 3rd tries for Home, SAFE, no throw
Batting: RHB Carlos Soto 0-0: Ball
Daniel Métivier is caught stealing 2nd base
Top of the 3rd over - 2 run(s), 1 hit(s), 1 error(s), 0 left on base; Battle Ground 5 - San Bernardino 7
BOTTOM OF THE 3RD
San Bernardino Grasshoppers batting - Pitching for Battle Ground Aeros : LHP Dave Welch
Batting: RHB Matt Roloff 0-0: Ball
1-0: Ball
2-0: Ball
3-0: Called Strike
3-1: Called Strike
3-2: Strikes out swinging
Batting: RHB José Urruticodez 0-0: Ball
1-0: SINGLE (Line Drive, 34D)
Batting: RHB Enrico Betancourt 0-0: Ball
1-0: Swinging Strike
1-1: Ball
2-1: Foul Ball, location: 2F
2-2: Foul Ball, location: 2F
2-2: Fly out, F9 (Flyball, 9LS)
Batting: RHB Arnold Giroux Pickoff Throw to First - Error! E1
José Urruticodez to second
0-0: Ball
1-0: Ground out 4-3 (Groundball, 4)
Bottom of the 3rd over - 0 run(s), 1 hit(s), 1 error(s), 1 left on base; Battle Ground 5 - San Bernardino 7
TOP OF THE 4TH
Battle Ground Aeros batting - Pitching for San Bernardino Grasshoppers : RHP Carlos Peret
Batting: RHB Carlos Soto 0-0: Ball
1-0: Foul Ball, location: 2F
1-1: Ball
2-1: Ball
3-1: SINGLE (Line Drive, 6MD)
Batting: LHB Dave Smerdon 0-0: Ball
1-0: Called Strike
1-1: Ball
2-1: Foul Ball, location: 2F
2-2: Ball
3-2: Base on Balls
Carlos Soto to second
Batting: LHB Ignacio Martínez 0-0: Called Strike
0-1: Foul Ball, location: 2F
0-2: Ball
1-2: Ball
2-2: Ball
3-2: Foul Ball, location: 2F
3-2: Foul Ball, location: 2F
3-2: Base on Balls
Carlos Soto to third
Dave Smerdon to second
Pitching: LHP Ricardo Roquette
Batting: SHB Juan Torres 0-0: Ball
1-0: SINGLE (Line Drive, 6MD)
Carlos Soto scores
Dave Smerdon to third
Ignacio Martínez to second
Batting: RHB José Rodríguez 0-0: Ball
1-0: Ball
2-0: Fly out, F9 (Flyball, 9LM)
Runner from 3rd tags up, SCORES, no throw
Batting: RHB Jack Willis 0-0: Called Strike
0-1: Called Strike
0-2: Ball
1-2: Foul Ball, location: 2F
1-2: Strikes out looking
Batting: RHB Beau Murphy 0-0: Foul Ball, location: 2F
0-1: Ball
1-1: Called Strike
1-2: Fielders Choice at 2nd, 4-6 (Groundball, 4)
Top of the 4th over - 2 run(s), 2 hit(s), 0 error(s), 1 left on base; Battle Ground 7 - San Bernardino 7
BOTTOM OF THE 4TH
San Bernardino Grasshoppers batting - Pitching for Battle Ground Aeros : LHP Dave Welch
Batting: SHB Zuberi Mccray 0-0: Called Strike
0-1: Fly out, F9 (Flyball, 89S)
Batting: RHB Brandon Cole 0-0: Called Strike
0-1: Ball
1-1: Ball
2-1: Ball
3-1: Foul Ball, location: 2F
3-2: Foul Ball, location: 2F
3-2: SOLO HOME RUN (Flyball, 7LD), Distance : 355 ft
Batting: LHB Mario Nieves 0-0: Called Strike
0-1: Ball
1-1: Ground out 4-3 (Groundball, 4)
Batting: LHB Natale Langushi 0-0: Ball
1-0: Swinging Strike
1-1: Foul Ball, location: 2F
1-2: SINGLE (Flyball, 7S)
Batting: LHB Homer Spence 0-0: Called Strike
0-1: Called Strike
0-2: Foul Ball, location: 2F
0-2: Ball
1-2: Fly out, F8 (Flyball, 78M)
Bottom of the 4th over - 1 run(s), 2 hit(s), 0 error(s), 1 left on base; Battle Ground 7 - San Bernardino 8
TOP OF THE 5TH
Battle Ground Aeros batting - Pitching for San Bernardino Grasshoppers : LHP Ricardo Roquette
Batting: LHB Nelson Martínez 0-0: Called Strike
0-1: Ball
1-1: Ball
2-1: Called Strike
2-2: Foul Ball, location: 2F
2-2: Foul Ball, location: 2F
2-2: Strikes out swinging
Batting: RHB Daniel Métivier 0-0: Called Strike
0-1: Foul Ball, location: 2F
0-2: Strikes out swinging
Batting: RHB Carlos Soto 0-0: Ball
1-0: Ground out 5-3 (Groundball, 5)
Top of the 5th over - 0 run(s), 0 hit(s), 0 error(s), 0 left on base; Battle Ground 7 - San Bernardino 8
BOTTOM OF THE 5TH
San Bernardino Grasshoppers batting - Pitching for Battle Ground Aeros : LHP Dave Welch
Batting: RHB Matt Roloff 0-0: Foul Ball, location: 2F
0-1: Ball
1-1: Foul Ball, location: 2F
1-2: Ball
2-2: Ball
3-2: Foul Ball, location: 2F
3-2: Foul Ball, location: 2F
3-2: SINGLE (Flyball, 8LS) - OUT at second base trying to stretch hit.
Pitching: RHP Gonzalo Granados
Batting: RHB José Urruticodez 0-0: Fly out, F8 (Flyball, 8LM)
Batting: RHB Enrico Betancourt 0-0: Called Strike
0-1: SINGLE (Groundball, 6) (infield hit)
Batting: RHB Arnold Giroux 0-0: Ball
1-0: Fielders Choice at 2nd, 4-6 (Groundball, 4)
Bottom of the 5th over - 0 run(s), 2 hit(s), 0 error(s), 0 left on base; Battle Ground 7 - San Bernardino 8
TOP OF THE 6TH
Battle Ground Aeros batting - Pitching for San Bernardino Grasshoppers : LHP Ricardo Roquette
Batting: LHB Dave Smerdon 0-0: Called Strike
0-1: Ball
1-1: DOUBLE (Line Drive, 9LM)
Batting: LHB Ignacio Martínez 0-0: Called Strike
0-1: Ball
1-1: SINGLE (Groundball, 34D)
Dave Smerdon to third
Runner from 3rd tries for Home, SAFE, no throw
Batting: SHB Juan Torres 0-0: Called Strike
0-1: Ball
1-1: Hit by Pitch
Ignacio Martínez to second
Batting: RHB José Rodríguez 0-0: Ball
1-0: Ball
2-0: Ball
3-0: Called Strike
3-1: Base on Balls
Ignacio Martínez to third
Juan Torres to second
Batting: RHB Jack Willis 0-0: Called Strike
0-1: Fly out, F9 (Flyball, 9)
Batting: RHB Beau Murphy 0-0: Swinging Strike
0-1: Ball
1-1: Ball
2-1: Ball
3-1: Fly out, F8 (Flyball, 8LM)
Batting: LHB Nelson Martínez 0-0: Ball
1-0: Ball
2-0: Foul Ball, location: 2F
2-1: Swinging Strike
2-2: Fly out, F8 (Flyball, 8RM)
Top of the 6th over - 1 run(s), 2 hit(s), 0 error(s), 3 left on base; Battle Ground 8 - San Bernardino 8
BOTTOM OF THE 6TH
San Bernardino Grasshoppers batting - Pitching for Battle Ground Aeros : RHP Gonzalo Granados
Batting: SHB Zuberi Mccray 0-0: Ground out 3-1 (Groundball, 34S)
Batting: RHB Brandon Cole 0-0: Called Strike
0-1: Ball
1-1: Ball
2-1: Ball
3-1: Called Strike
3-2: Strikes out looking
Batting: LHB Mario Nieves 0-0: SINGLE (Groundball, 6MD)
Batting: LHB Natale Langushi 0-0: Fly out, F8 (Flyball, 8RD)
Bottom of the 6th over - 0 run(s), 1 hit(s), 0 error(s), 1 left on base; Battle Ground 8 - San Bernardino 8
TOP OF THE 7TH
Battle Ground Aeros batting - Pitching for San Bernardino Grasshoppers : LHP Ricardo Roquette
Pinch Hitting: LHB Javier Antonio 0-0: Ball
1-0: Called Strike
1-1: Hit by Pitch
Batting: RHB Carlos Soto 0-0: Sac Bunt - play at second, runner OUT! 1-6
Pinch Hitting: RHB Stephen Johnson 0-0: Called Strike
0-1: Swinging Strike
0-2: Ground out 6-3 (Groundball, 6)
Carlos Soto to second
Batting: LHB Ignacio Martínez 0-0: Ball
1-0: Foul Ball, location: 2F
1-1: Ball
2-1: SINGLE (Groundball, 6D)
Carlos Soto to third
Runner from 3rd tries for Home, SAFE, no throw
Batting: SHB Juan Torres 0-0: Called Strike
0-1: Foul Ball, location: 2F
0-2: Strikes out swinging
Top of the 7th over - 1 run(s), 1 hit(s), 0 error(s), 1 left on base; Battle Ground 9 - San Bernardino 8
BOTTOM OF THE 7TH
San Bernardino Grasshoppers batting - Pitching for Battle Ground Aeros : RHP Gonzalo Granados
Now at 3B: Roy McFerran
Now in CF: Juan Camacho
Batting: LHB Homer Spence 0-0: Ball
1-0: Ball
2-0: Ball
3-0: Base on Balls
Batting: RHB Matt Roloff 0-0: Ball
1-0: Bunt missed!
1-1: Bunted foul
1-2: Ball
2-2: Foul Ball, location: 2F
2-2: Ground out 4-3 (Groundball, 4MD)
Homer Spence to second
Pinch Hitting: LHB Marcos Deleón 0-0: Ball
1-0: Ball
2-0: Foul Ball, location: 2F
2-1: Swinging Strike
2-2: Foul Ball, location: 2F
2-2: Strikes out swinging
Pinch Hitting: LHB Michael Nelson 0-0: Called Strike
0-1: Foul Ball, location: 2F
0-2: Strikes out looking
Bottom of the 7th over - 0 run(s), 0 hit(s), 0 error(s), 1 left on base; Battle Ground 9 - San Bernardino 8
TOP OF THE 8TH
Battle Ground Aeros batting - Pitching for San Bernardino Grasshoppers : LHP Ricardo Roquette
Pitching: RHP Pablo Vargas
Now at 2B: Jaime López
Now in LF: Michael Nelson
Batting: RHB José Rodríguez 0-0: Called Strike
0-1: Called Strike
0-2: Ball
1-2: SINGLE (Line Drive, 4M)
Batting: RHB Jack Willis
Pinch Hitting: SHB Juan Brito 0-0: Bunted foul
0-1: Sac Bunt - play at first, batter OUT! 3-4
José Rodríguez to second
Pinch Hitting: RHB Andrés Sánchez 0-0: Intentional Walk
Batting: LHB Nelson Martínez 0-0: Ball
1-0: Foul Ball, location: 2F
1-1: Called Strike
1-2: Fly out, F9 (Line Drive, 9)
Pinch Hitting: RHB Carlos Ávila 0-0: Ball
1-0: Ball
2-0: Ball
3-0: Base on Balls
José Rodríguez to third
Andrés Sánchez to second
Pinch Hitting: RHB Jim Unknown 0-0: Ball
1-0: Foul Ball, location: 2F
1-1: Ball
2-1: Ball
3-1: Foul Ball, location: 2F
3-2: SINGLE (Groundball, 56D)
José Rodríguez scores
Andrés Sánchez to third
Carlos Ávila to second
Andrés Sánchez scores
Carlos Ávila to third
Batting: RHB Roy McFerran 0-0: Ball
1-0: Fly out, F9 (Flyball, 9)
Top of the 8th over - 2 run(s), 2 hit(s), 0 error(s), 2 left on base; Battle Ground 11 - San Bernardino 8
BOTTOM OF THE 8TH
San Bernardino Grasshoppers batting - Pitching for Battle Ground Aeros : RHP Gonzalo Granados
Now at 1B: Leroy Rijerkerk
Now at SS: Andrés Sánchez
Now in LF: Gustavo Meza
Now in RF: Jim Unknown
Batting: RHB Arnold Giroux 0-0: Ball
1-0: Ball
2-0: Foul Ball, location: 2F
2-1: Foul Ball, location: 2F
2-2: Ball
3-2: SINGLE (Groundball, 4MD)
Pitching: RHP Will O'Slattery
Batting: SHB Zuberi Mccray 0-0: Called Strike
0-1: Foul Ball, location: 2F
0-2: Ball
1-2: Ball
2-2: Foul Ball, location: 2F
2-2: Ball
3-2: Foul Ball, location: 2F
3-2: SINGLE (Groundball, 4) (infield hit)
Arnold Giroux to second
Batting: RHB Brandon Cole 0-0: Ball
1-0: Called Strike
1-1: Foul Ball, location: 2F
1-2: Strikes out looking
Pitching: LHP Dan Drew
Batting: LHB Mario Nieves 0-0: Ball
1-0: Ball
2-0: Foul Ball, location: 2F
2-1: Swinging Strike
2-2: Strikes out swinging
Batting: LHB Natale Langushi 0-0: Foul Ball, location: 2F
0-1: 3-RUN HOME RUN (Flyball, 7LD), Distance : 356 ft
Pinch Hitting: RHB José Ruíz 0-0: Ball
1-0: Ball
2-0: Swinging Strike
2-1: Ball
3-1: Fly out, F6 (Popup, 56D)
Bottom of the 8th over - 3 run(s), 3 hit(s), 0 error(s), 0 left on base; Battle Ground 11 - San Bernardino 11
TOP OF THE 9TH
Battle Ground Aeros batting - Pitching for San Bernardino Grasshoppers : RHP Pablo Vargas
Pitching: LHP Héctor Valentín
Now in CF: Ramón Martínez
Batting: LHB Ignacio Martínez 0-0: Ball
1-0: Foul Ball, location: 2F
1-1: Foul Ball, location: 2F
1-2: Ball
2-2: Strikes out swinging
Batting: SHB Juan Torres 0-0: SINGLE (Groundball, 6MD)
Batting: RHB José Rodríguez 0-0: Fly out, F7 (Line Drive, 7D)
Batting: RHB Leroy Rijerkerk 0-0: Ball
1-0: Ball
2-0: Called Strike
2-1: Ball
3-1: Called Strike
3-2: Strikes out looking
Top of the 9th over - 0 run(s), 1 hit(s), 0 error(s), 1 left on base; Battle Ground 11 - San Bernardino 11
BOTTOM OF THE 9TH
San Bernardino Grasshoppers batting - Pitching for Battle Ground Aeros : LHP Dan Drew
Batting: RHB Matt Roloff 0-0: Ball
1-0: Called Strike
1-1: Foul Ball, location: 2F
1-2: Ball
2-2: Ball
3-2: Base on Balls
Batting: RHB Jaime López 0-0: Ball
1-0: Bunted foul
1-1: Sac Bunt - play at first, batter OUT! 3-4
Matt Roloff to second
Pinch Hitting: RHB Manny Martínez 0-0: Ball
1-0: Ball
2-0: Ball
3-0: Base on Balls
Batting: RHB Arnold Giroux 0-0: Ball
1-0: Foul Ball, location: 2F
1-1: Ball
2-1: Ball
3-1: Called Strike
3-2: SINGLE (Groundball, 56D)
Matt Roloff to third
Manny Martínez to second
Runner from 3rd tries for Home, SAFE, no throw
Friday, December 30th, 2016 - OOTP Baseball 17.12 Build 75